 Dungeon Crawl Stone Soup version 0.18-a0-1120-g03bd624 (console) character file.

584416 FIQ the Black Belt (level 27, -14/163 HPs)
             Began as a Vine Stalker Transmuter on Jan 18, 2016.
             Was the Champion of Cheibriados.
             Demolished by an Orb Guardian (20 damage)
             ... on level 5 of the Realm of Zot.
             The game lasted 04:46:32 (50597 turns).

FIQ the Black Belt (Vine Stalker Transmuter)       Turns: 50597, Time: 04:46:32

Health: -14/163    AC: 24    Str: 48      XL:     27
Magic:  0/54       EV: 34    Int: 25      God:    Cheibriados [******]
Gold:   3835       SH:  0    Dex: 38 (39) Spells: 7 memorised, 32 levels left

rFire  + + +     SeeInvis .       - Unarmed
rCold  . . .     Gourm    .     T - +4 fire dragon armour
rNeg   . . .     Faith    +     (shield currently unavailable)
rPois  +         Spirit   +     j - +1 helmet
rElec  +         Dismiss  .     J - +2 cloak
rCorr  .         Reflect  .     (gloves currently unavailable)
SustAt .         Harm     .     P - +1 pair of boots {Fly}
MR     +++++     Clarity  +     M - amulet of Xynaock {Faith rElec rPois Str+9 Int-3}
Stlth  +......... Rnd*Tele +    b - ring "Moumop" {+Fly rC+ MR+ Str+4 Dex+3}
                                p - ring "Otefomi" {rElec rF+ MP+9 Str+3 Int-3}

@: blade hands (expiring), flying, very slightly contaminated, studying Shields,
very slow, almost entirely resistant to hostile enchantments, very unstealthy
A: fangs 3, talons 1, repulsion field 1, clarity, deterioration 2, magic
resistance 1, regeneration 3, robust 1, teleportitis 1, wild magic 2, magic
shield, antimagic bite, no device heal 3, rot immunity, sturdy frame 1
a: End Transformation, Bend Time, Temporal Distortion, Slouch, Step From Time,
Renounce Religion, Stop Flying
}: 3/15 runes: decaying, silver, gossamer


You were on level 5 of the Realm of Zot.
You worshipped Cheibriados.
Cheibriados was exalted by your worship.
You were not hungry.
You had blades for hands.
You visited 10 branches of the dungeon, and saw 52 of its levels.
You also visited: Ice Cave.

You collected 6654 gold pieces.
You spent 2819 gold pieces at shops.

Inventory:

Armour
 j - a +1 helmet (worn)
 n - a +0 pair of gloves (melded)
 q - the +6 chain mail "Epnafoda" {rN+ MR++ Regen+ Str-2}
   (You bought it in a shop on level 1 of the Vaults)

   It affects your strength (-2).
   It protects you from negative energy.
   It affects your resistance to hostile enchantments.
   It increases your rate of regeneration.
 J - a +2 cloak (worn)
 P - a +1 pair of boots of flying (worn)
 T - a +4 fire dragon armour (worn)
Jewellery
 b - the ring "Moumop" (right scythe-like blade) {+Fly rC+ MR+ Str+4 Dex+3}
   (You found it on level 15 of the Dungeon)

   [ring of protection from magic]

   It affects your strength (+4).
   It affects your dexterity (+3).
   It protects you from cold.
   It affects your resistance to hostile enchantments.
   It lets you fly.
 p - the ring "Otefomi" (left scythe-like blade) {rElec rF+ MP+9 Str+3 Int-3}
   (You bought it in a shop on level 1 of the Orcish Mines)

   [ring of protection from fire]

   It affects your strength (+3).
   It affects your intelligence (-3).
   It protects you from fire.
   It insulates you from electricity.
   It affects your magic capacity (+9).
 w - the ring of Makhleb's Regard {rN+ MR+ MP+9 Slay+1}
   (You found it on level 3 of the Elven Halls)

   [ring of slaying]

   It affects your accuracy and damage with ranged weapons and melee attacks
   (+1).
   It protects you from negative energy.
   It affects your resistance to hostile enchantments.
   It affects your magic capacity (+9).
 M - the amulet of Xynaock (around neck) {Faith rElec rPois Str+9 Int-3}
   (You took it off a deep elf death mage on level 3 of the Elven Halls)

   [amulet of faith]

   It allows you to gain divine favour quickly.
   It affects your strength (+9).
   It affects your intelligence (-3).
   It insulates you from electricity.
   It protects you from poison.
 Y - the ring "Plog" {+Fly rN+ Int+6}
   (You took it off a deep elf death mage on level 3 of the Elven Halls)

   [ring of flight]

   It affects your intelligence (+6).
   It protects you from negative energy.
   It lets you fly.
Wands
 m - a wand of digging (5/24)
 s - a wand of invisibility (3/9)
 x - a wand of disintegration (7/24)
 y - a wand of teleportation (7/9)
 D - a wand of paralysis (16/24)
 X - a wand of lightning (8/15)
Scrolls
 e - 2 scrolls of magic mapping
 h - 2 scrolls of blinking
 i - 3 scrolls of teleportation
 k - 21 scrolls of identify
 l - 29 scrolls of remove curse
 o - a scroll of silence
 z - 3 scrolls of summoning
 A - 5 scrolls of fog
 I - 5 scrolls of recharging
 L - 3 scrolls of fear
 W - a scroll of amnesia
Potions
 f - 21 potions of curing
 r - 3 potions of invisibility
 u - 8 potions of might
 v - 4 potions of lignification
 E - 5 potions of mutation
 F - a potion of resistance
 K - 3 potions of flight
 O - 2 potions of magic
 R - 3 potions of agility
 U - 6 potions of brilliance
 V - 6 potions of ambrosia
Books
 c - a manual of Shields
 t - a book of Power

   Spells                             Type                      Level
   a - Fulminant Prism                Conjuration/Hexes            4
   b - Iskenderun's Mystic Blast      Conjuration                  4
   c - Venom Bolt                     Conjuration/Poison           5
   d - Bolt of Magma                  Conjuration/Fire/Earth       5
   e - Iron Shot                      Conjuration/Earth            6
   f - Orb of Destruction             Conjuration                  7
   g - Spellforged Servitor           Conjuration/Summoning        7
 C - a book of Transfigurations

   Spells                             Type                      Level
   a - Stoneskin                      Transmutation/Earth          2
   b - Irradiate                      Conjuration/Transmutation    5
   c - Statue Form                    Transmutation/Earth          6
   d - Hydra Form                     Transmutation                6
   e - Dragon Form                    Transmutation                7
 H - a book of the Warp

   Spells                             Type                      Level
   a - Recall                         Summoning/Translocation      3
   b - Gell's Gravitas                Hexes/Translocation          3
   c - Force Lance                    Conjuration/Translocation    4
   d - Phase Shift                    Translocation                5
   e - Warp Weapon                    Charms/Translocation         5
   f - Summon Forest                  Summoning/Translocation      5
 N - a book of the Sky

   Spells                             Type                      Level
   a - Summon Lightning Spire         Summoning/Air                4
   b - Airstrike                      Air                          4
   c - Silence                        Hexes/Air                    5
   d - Deflect Missiles               Charms/Air                   6
   e - Conjure Ball Lightning         Conjuration/Air              6
   f - Tornado                        Air                          9
Miscellaneous
 g - a box of beasts
 Q - a plain deck of wonders
Comestibles
 a - 13 royal jellies
 d - 22 bread rations
 B - 10 slices of pizza
 G - 13 meat rations
 S - 7 beef jerkies
 Z - 17 fruits


   Skills:
 + Level 16.9 Fighting
 + Level 10.6 Armour
 + Level 16.0 Dodging
 + Level 18.6 Unarmed Combat
 + Level 17.8 Spellcasting
 + Level 18.3 Transmutations
 - Level 13.0 Earth Magic
 + Level 17.5 Invocations


You had 32 spell levels left.
You knew the following spells:

 Your Spells              Type           Power        Failure   Level  Hunger
a - Beastly Appendage     Trmt           ######       17%         1    None
b - Spider Form           Trmt/Pois      #######...   32%         3    None
c - Ice Form              Ice/Trmt       #######.     41%         4    None
d - Blade Hands           Trmt           ########..   24%         5    None
e - Hydra Form            Trmt           ########..   32%         6    ###....
f - Petrify               Trmt/Erth      ########     24%         4    None
g - Statue Form           Trmt/Erth      ########.    41%         6    ###....


Dungeon Overview and Level Annotations

Branches:
Dungeon (15/15)            Temple (1/1) D:7            Lair (8/8) D:8
  Swamp (4/4) Lair:3       Spider (4/4) Lair:3        Slime (0/6) Lair:7
    Orc (2/2) D:9             Elf (3/3) Orc:2        Vaults (5/5) D:13
  Crypt (0/3) Vaults:2     Depths (5/5) D:15            Zot (5/5) Depths:5

Altars:
Ashenzari
Cheibriados
Dithmenos
Elyvilon
Fedhas
Gozag
Kikubaaqudgha
Makhleb
Nemelex Xobeh
Okawaru
Pakellas
Qazlal
Ru
Trog
Vehumet
Xom
Yredelemnul
Zin
The Shining One
Beogh
Lugonu

Shops:
Orc:1 =:   Orc:2 ?![:   Vaults:1 [

Portals:
Hell: Depths:1 Depths:2 Depths:3 Depths:4 Depths:5
Abyss: Depths:1 Depths:2 Depths:4
Pandemonium: Depths:3
Ziggurat: Depths:2

Annotations:
Lair:2 exclusion: 2 oklob plants
Lair:8 exclusion: oklob plant
Swamp:4 Lernaean hydra, Mara
Elf:2 3 runed doors


Innate Abilities, Weirdness & Mutations

You have razor-sharp teeth.
You regenerate.
When hurt, damage is shared between your health and your magic reserves.
Your bite disrupts and absorbs the magic of your enemies.
Potions and wands cannot restore your health.
You are immune to rotting.
You have sharp toenails.
You are surrounded by a mild repulsion field (EV +2).
You possess an exceptional clarity of mind.
Your body often deteriorates upon taking damage.
You are resistant to hostile enchantments.
You are robust (+10% HP).
You are occasionally teleported next to monsters.
Your spells are harder to cast, but more powerful.
Your movements are slightly less encumbered by armour (ER -2).


Message History

2 Orb Guardians come into view.
An Orb Guardian comes into view.
The Orb Guardian hits you but does no damage. x2
The Orb Guardian completely misses you. x2
The Orb Guardian hits you! x2
Found the Orb of Zot. 2 Orb Guardians come into view.
An Orb Guardian comes into view.
Your transformation is almost over.
The Orb Guardian hits you.
* * * LOW HITPOINT WARNING * * *
The Orb Guardian hits you!!
* * * LOW HITPOINT WARNING * * *
The Orb Guardian hits you but does no damage.
The Orb Guardian hits you!
* * * LOW HITPOINT WARNING * * *
The Orb Guardian completely misses you. x3
The Orb Guardian hits you!!
* * * LOW HITPOINT WARNING * * *
Your body deteriorates!
You feel clumsy. The Orb Guardian hits you!!
You die...

*.........##....## **,,,,
...*..........### ***,,
p##▓▓▓▓▓▓▓▓▓▓▓# ***
...*......▓▓▓▓ **
$.X..........▓## ***,
..X..D.........## **,,,
................# *▓▓▓▓▓*** *,,,,
..*.............▓*▓.....,,***,,,,
.....*..........▓▓......,,,**,,,,
.......§.^.*...X▓X......,,,,*,,,,
.........*..*..X@XX.X.0.§,,,,,,,,
....*..........X▓X..X..z,,,,*,,,,
................▓▓......,,,**,,,,
................▓*▓..*..,,***,,,,
................▓ *▓▓▓▓▓*** *,,,,
...............▓▓ **,,,
.............▓▓▓ ***,
,,,,,,,...▓▓▓* ** ***********


You could see 4 orbs of fire, a curse toe (wandering) and 9 Orb Guardians.

Vanquished Creatures
  An ancient lich (Vaults:5)
  3 juggernauts
  The ghost of Strylgvaidir the Sorcerer, a master GrEE of Vehumet (Depths:4)
  Sojobo (Vaults:4)
  Frederick (Vaults:4)
  Saint Roka (Depths:5)
  2 caustic shrikes
  7 golden dragons
  Arachne (Spider:3)
  Nikola (Spider:3)
  the Enchantress (Depths:4)
  A bone dragon (Depths:5)
  Xtahua (Vaults:3)
  8 tentacled monstrosities
  Rupert (D:12)
  A lich (Vaults:2)
  4 titans
  The ghost of Somebody the Executioner, an adept MiBe of Trog (Vaults:2)
  7 Orb Guardians (Zot:5)
  2 quicksilver dragons (Vaults:5)
  2 deep elf master archers (Elf:3)
  2 deep elf blademasters (Elf:3)
  A sphinx (Depths:4)
  Kirke (Spider:3)
  5 shadow dragons (Vaults:5)
  7 storm dragons
  12 tengu reavers
  21 fire giants
  A draconian monk (Depths:5)
  Wiglaf (Vaults:4)
  Louise (Swamp:4)
  10 vault wardens
  5 iron dragons
  10 deep elf sorcerers
  Donald (Vaults:2)
  Aizul (Spider:3)
  2 draconian scorchers (Zot:1)
  9 frost giants
  A ghost moth (shapeshifter) (D:15)
  3 emperor scorpions (Spider:4)
  5 ghost moths
  An orc warlord (Orc:1)
  A draconian zealot (Zot:1)
  6 deep elf elementalists
  2 draconian shifters
  A ghoul (Vaults:3)
  A large abomination (Elf:1)
  4 spriggan defenders
  16 very ugly things
  3 salamander stormcallers
  2 draconian annihilators
  A draconian caller (Zot:1)
  16 ironheart preservers
  25 stone giants
  A war gargoyle (Vaults:5)
  8 deep elf demonologists
  2 green draconians (Zot:1)
  5 vampire knights
  Azrael (D:12)
  4 black draconians
  3 purple draconians
  12 deep elf annihilators
  A yellow draconian (Depths:5)
  7 white draconians
  5 red draconians (Zot:1)
  6 spark wasps
  The ghost of blinkfrog the Protected, a journeyman DDNe of Makhleb (Lair:3)
  5 deep elf death magi
  11 ettins
  A merfolk impaler (Depths:4)
  Snorg (Orc:1)
  A blizzard demon (Depths:3)
  29 vault guards
  22 fire dragons
  Josephine (D:15)
  11 yaktaur captains
  10 deep elf high priests
  The ghost of FIQ the Cleaver, a journeyman HOFi of Beogh (IceCv)
  13 great orbs of eyes
  25 ogre magi
  18 hydras
  6 spriggan air magi
  8 rakshasas
  12 entropy weavers
  13 ice dragons
  A ghost crab (Swamp:3)
  6 alligators
  22 dancing weapons
  14 centaur warriors
  Erolcha (Orc:2)
  2 death knights
  9 deep troll earth magi
  3 vampire magi (Depths:1)
  7 tengu warriors
  4 spriggan berserkers
  12 deep troll shamans
  19 death yaks
  24 deep elf knights
  A hell knight (Depths:4)
  3 iron trolls
  6 skeletal warriors (Vaults:1)
  3 fire crabs
  5 shadow wraiths
  5 giant orange brains
  17 deep trolls
  7 swamp dragons (Swamp:4)
  3 unseen horrors
  21 deep elf archers
  4 wizards
  A flayed ghost (Depths:3)
  3 shambling mangroves
  A spriggan druid (Swamp:3)
  29 harpies
  9 hill giants
  3 necromancers
  17 ironbrand convokers
  4 phantasmal warriors
  17 orb spiders
  A mana viper (shapeshifter) (D:13)
  16 orc knights
  81 deep elf magi
  14 orc sorcerers
  12 cyclopes
  A human zombie (Vaults:2)
  2 hornets (shapeshifter)
  41 wolf spiders
  12 hornets
  A moth of wrath (shapeshifter) (Depths:3)
  63 ugly things
  3 griffons
  A manticore (D:11)
  A manticore (shapeshifter) (Depths:1)
  Joseph (Lair:1)
  2 moths of wrath
  2 sixfirhies (Depths:3)
  A salamander (shapeshifter) (Vaults:4)
  4 ice statues (IceCv)
  Maurice (D:10)
  10 vault sentinels
  A guardian serpent (Depths:2)
  A black mamba (shapeshifter) (Vaults:2)
  6 black mambas
  A stone giant skeleton (Vaults:1)
  A rust devil (Depths:3)
  A smoke demon (Depths:3)
  2 gargoyles (D:13)
  21 spiny frogs
  2 torpor snails (shapeshifter)
  An elf skeleton (Vaults:2)
  2 torpor snails
  A komodo dragon (shapeshifter) (D:15)
  5 fire drakes
  15 komodo dragons
  5 kobold demonologists
  9 ice devils (IceCv)
  14 demonic crawlers
  3 tengu conjurers
  A troll (shapeshifter) (Vaults:4)
  51 yaktaurs
  4 freezing wraiths
  26 jumping spiders
  5 giant leeches
  5 trolls
  18 blink frogs
  A blink frog (shapeshifter) (Vaults:4)
  Grinder (D:3)
  55 slime creatures
  30 two-headed ogres
  10 polar bears
  2 raiju (shapeshifter)
  10 boulder beetles
  2 raiju (Lair:8)
  13 bog bodies
  2 vampires
  10 air elementals
  73 redbacks
  4 shadows
  6 spriggans
  47 yaks
  2 spriggans (shapeshifter)
  12 water elementals
  A yak (shapeshifter) (D:15)
  8 wraiths
  6 basilisks
  A human (D:7)
  42 tarantellas
  2 hogs (Spider:3)
  7 fire elementals
  A hog (shapeshifter) (D:11)
  3 steam dragons (Lair:8)
  A chaos spawn (Depths:3)
  3 wyverns
  3 hungry ghosts
  13 hippogriffs
  A steam dragon (shapeshifter) (Depths:4)
  16 insubstantial wisps
  24 wolves
  A human simulacrum (Vaults:2)
  4 mottled dragons
  37 vampire mosquitoes
  A deep troll zombie (Vaults:1)
  6 hell hounds
  22 wargs
  23 swamp worms
  14 water moccasins
  7 porcupines
  10 ice beasts
  32 orc warriors
  5 sky beasts
  An orc zombie (Vaults:1)
  An eye of draining (shapeshifter) (Vaults:1)
  2 phantoms
  13 black bears
  13 wasps
  2 eyes of draining (D:15)
  11 swamp drakes
  72 ogres
  3 boggarts
  28 centaurs
  16 crocodiles
  5 big kobolds
  A glowing shapeshifter simulacrum (Vaults:2)
  25 giant frogs
  2 wyvern zombies
  3 earth elementals
  6 scorpions
  An orc simulacrum (Vaults:1)
  17 killer bees
  13 wights
  A giant frog zombie (D:13)
  3 centaur zombies
  6 crimson imps
  3 quasits
  3 centaur skeletons
  24 hounds
  5 jellies
  17 orc priests
  A giant frog skeleton (D:7)
  21 iguanas
  35 orc wizards
  An iron imp (Depths:3)
  Jessica (D:3)
  17 worker ants
  Terence (D:3)
  3 troll simulacra (IceCv)
  2 spriggan simulacra (IceCv)
  36 sheep
  A sheep (shapeshifter) (Vaults:5)
  A centaur simulacrum (IceCv)
  A worker ant zombie (D:6)
  6 gnolls
  An ogre simulacrum (IceCv)
  13 adders
  3 naga simulacra (IceCv)
  A river rat (shapeshifter) (Depths:4)
  86 river rats
  5 shadow imps
  2 white imps (Depths:3)
  An ufetubus (Depths:3)
  An adder zombie (D:5)
  An adder skeleton (D:6)
  6 worms
  7 giant geckos
  92 orcs
  8 giant cockroaches
  11 goblins
  9 hobgoblins
  9 jackals
  6 quokkas
  2 ball pythons (D:3)
  8 bats
  A giant gecko skeleton (D:7)
  12 giant newts
  A jackal skeleton (D:4)
  33 kobolds
  2 quokka skeletons
  10 rats
  A crawling corpse (Elf:1)
  A fungus (Lair:4)
2555 creatures vanquished.

Vanquished Creatures (collateral kills)
  A river rat (Lair:1)
1 creature vanquished.

Vanquished Creatures (others)
  A shadow wraith (Vaults:1)
  An orb spider (Spider:4)
  A yaktaur (Vaults:1)
  A jumping spider (Spider:4)
  3 redbacks
  A spriggan (Swamp:3)
  An orc warrior (D:8)
  3 ogres
  An orc wizard (Depths:5)
  An ooze (shapeshifter) (Elf:2)
  2 ball lightnings (Depths:1)
  2 bushes (Lair:8)
  A crawling corpse (Elf:1)
  80 fungi
  92 plants
191 creatures vanquished.

Grand Total: 2747 creatures vanquished

Notes
Turn   | Place    | Note
--------------------------------------------------------------
     0 | D:1      | FIQ the Vine Stalker Transmuter began the quest for the Orb.
     0 | D:1      | Reached XP level 1. HP: 9/9 MP: 4/4
   165 | D:1      | Reached XP level 2. HP: 14/14 MP: 6/6
   239 | D:1      | Reached skill level 1 in Fighting
   403 | D:1      | Reached XP level 3. HP: 12/18 MP: 5/7
   893 | D:2      | Reached XP level 4. HP: 17/22 MP: 7/9
  1588 | D:3      | Noticed Terence
  1720 | D:3      | Reached XP level 5. HP: 26/26 MP: 10/10
  1732 | D:3      | Noticed Grinder
  1790 | D:3      | Killed Grinder
  1790 | D:3      | Reached skill level 4 in Unarmed Combat
  1790 | D:3      | Gained mutation: You heal very quickly. [Vine Stalker growth]
  1790 | D:3      | Reached XP level 6. HP: 4/32 MP: 6/12
  1795 | D:3      | Learned a level 3 spell: Spider Form
  2131 | D:3      | Noticed Jessica
  2138 | D:3      | Killed Jessica
  2337 | D:3      | Killed Terence
  2489 | D:3      | Reached XP level 7. HP: 32/35 MP: 10/13
  3816 | D:5      | Entered Level 5 of the Dungeon
  3837 | D:5      | Gained mutation: You have razor-sharp teeth. [Vine Stalker growth]
  3837 | D:5      | Reached XP level 8. HP: 40/40 MP: 12/15
  3871 | D:5      | Reached skill level 5 in Unarmed Combat
  4295 | D:5      | Reached skill level 5 in Spellcasting
  5303 | D:6      | Found a white marble altar of Elyvilon.
  5413 | D:6      | Got a twisted scale mail
  5424 | D:6      | Identified the +1 scale mail of Plasticity {Stlth+} (You found it on level 6 of the Dungeon)
  5586 | D:6      | Reached skill level 5 in Transmutations
  5627 | D:6      | Reached XP level 9. HP: 28/46 MP: 4/18
  5885 | D:7      | Found a blossoming altar of Fedhas.
  5899 | D:7      | Found a burning altar of Makhleb.
  5983 | D:7      | Reached skill level 6 in Unarmed Combat
  6138 | D:7      | Found a staircase to the Ecumenical Temple.
  6173 | Temple   | Entered the Ecumenical Temple
  6233 | Temple   | Became a worshipper of Cheibriados the Contemplative
  6404 | D:7      | Reached skill level 5 in Fighting
  6564 | D:7      | Reached skill level 5 in Dodging
  7107 | D:7      | Reached * piety under Cheibriados
  7228 | D:8      | Found an opulent altar of Gozag.
  7248 | D:8      | Reached XP level 10. HP: 29/52 MP: 12/20
  7294 | D:8      | Reached skill level 7 in Unarmed Combat
  7472 | D:7      | Reached ** piety under Cheibriados
  7869 | D:8      | Found a staircase to the Lair.
  7874 | D:8      | Gained mutation: You have sharp toenails. [potion of mutation]
  7874 | D:8      | Gained mutation: Your spells are a little harder to cast, but a little more powerful. [potion of mutation]
  7874 | D:8      | Gained mutation: You possess an exceptional clarity of mind. [potion of mutation]
  7875 | D:8      | Gained mutation: Your mind is acute. (Int +2) [potion of mutation]
  8049 | D:8      | Reached *** piety under Cheibriados
  8255 | Lair:1   | Entered Level 1 of the Lair of Beasts
  8255 | Lair:1   | Noticed a spiny frog
  8266 | Lair:1   | Killed a spiny frog
  8271 | Lair:1   | Reached skill level 1 in Invocations
  8431 | Lair:1   | Noticed Joseph
  8450 | Lair:1   | Killed Joseph
  8826 | Lair:1   | Noticed a four-headed hydra
  8835 | Lair:1   | Learned a level 4 spell: Ice Form
  8957 | D:9      | Found a basalt altar of Yredelemnul.
  9001 | D:9      | Learned a level 5 spell: Blade Hands
  9230 | D:9      | Reached **** piety under Cheibriados
  9230 | D:9      | Reached skill level 8 in Unarmed Combat
  9230 | D:9      | Reached XP level 11. HP: 31/58 MP: 10/23
  9313 | D:9      | Found a staircase to the Orcish Mines.
  9582 | D:9      | Found a sacrificial altar of Ru.
  9740 | D:9      | Found a bloodstained altar of Trog.
 10055 | D:10     | Entered Level 10 of the Dungeon
 10055 | D:10     | Found an oddly glowing altar of Pakellas.
 10102 | D:10     | Reached ***** piety under Cheibriados
 10425 | D:10     | Noticed Maurice
 10436 | D:10     | Killed Maurice
 10994 | D:11     | Noticed an orb spider
 11013 | D:11     | an orb spider changed into a basilisk
 11066 | D:11     | Noticed a manticore
 11075 | D:11     | Killed a manticore
 11139 | D:11     | Noticed a cyan ugly thing
 11152 | D:11     | Killed a cyan ugly thing
 11583 | Lair:1   | Reached ****** piety under Cheibriados
 11583 | Lair:1   | Reached skill level 9 in Unarmed Combat
 11760 | Lair:1   | Killed a four-headed hydra
 11760 | Lair:1   | Gained mutation: You regenerate. [Vine Stalker growth]
 11760 | Lair:1   | Reached XP level 12. HP: 63/63 MP: 20/25
 12327 | Lair:2   | Got a twisted trident
 12350 | Lair:2   | Identified the +3 trident "Ciuxesmy" {pierce, MP+9} (You found it on level 2 of the Lair of Beasts)
 13030 | Lair:3   | Found a hole to the Spider Nest.
 13066 | Lair:3   | Reached skill level 5 in Invocations
 13084 | Lair:3   | Found a staircase to the Swamp.
 13170 | Lair:3   | Noticed blinkfrog's ghost (journeyman DDNe)
 13181 | Lair:3   | Killed blinkfrog's ghost
 14185 | Lair:4   | Reached skill level 10 in Unarmed Combat
 14193 | Lair:4   | Reached XP level 13. HP: 56/69 MP: 21/27
 14502 | Lair:4   | Learned a level 6 spell: Hydra Form
 14902 | Lair:5   | Found a frozen archway.
 14930 | IceCv    | Entered an ice cave
 14956 | IceCv    | Noticed FIQ's ghost (journeyman HOFi)
 14965 | IceCv    | Killed FIQ's ghost
 15739 | Lair:5   | Reached skill level 10 in Spellcasting
 16384 | Lair:5   | Reached skill level 10 in Transmutations
 17213 | Lair:7   | Reached XP level 14. HP: 64/75 MP: 25/29
 17221 | Lair:7   | Reached skill level 11 in Unarmed Combat
 17359 | Lair:7   | Found a staircase to the Slime Pits.
 18075 | Lair:8   | Entered Level 8 of the Lair of Beasts
 18862 | Lair:8   | Reached skill level 10 in Fighting
 19342 | Lair:8   | Reached XP level 15. HP: 80/80 MP: 31/31
 19797 | Lair:8   | Reached skill level 10 in Dodging
 19829 | Lair:8   | Got a faintly glowing ring mail
 19830 | Lair:8   | Identified the cursed +0 ring mail of Fanaticism {rC- Str+3 Int+8} (You found it on level 8 of the Lair of Beasts)
 20130 | Orc:1    | Entered Level 1 of the Orcish Mines
 20282 | Orc:1    | Found Vebbas's Book Emporium.
 20285 | Orc:1    | Noticed an orc warlord
 20394 | Orc:1    | Killed an orc warlord
 20394 | Orc:1    | Reached skill level 12 in Unarmed Combat
 20465 | Orc:1    | Found Webruopp's Jewellery Emporium.
 20500 | Orc:1    | Bought the ring "Otefomi" {rElec rF+ MP+9 Str+3 Int-3} for 663 gold pieces
 20511 | Orc:1    | Noticed Snorg
 20519 | Orc:1    | Killed Snorg
 20825 | Orc:2    | Entered Level 2 of the Orcish Mines
 20923 | Orc:2    | Found a staircase to the Elven Halls.
 21194 | Orc:2    | Found Avairere's Magic Scroll Shoppe.
 21227 | Orc:2    | Found an ancient bone altar of Kikubaaqudgha.
 21258 | Orc:2    | Noticed Erolcha
 21261 | Orc:2    | Killed Erolcha
 21269 | Orc:2    | Found a radiant altar of Vehumet.
 21297 | Orc:2    | Found a roughly hewn altar of Beogh.
 21297 | Orc:2    | Found Qint's Distillery.
 21334 | Orc:2    | Found Lenwa Doile's Antique Armour Shoppe.
 21341 | Orc:2    | Bought a potion of beneficial mutation for 490 gold pieces
 21341 | Orc:2    | Gained mutation: You are resistant to hostile enchantments. [potion of beneficial mutation]
 21351 | Orc:2    | Bought a brightly glowing plate armour for 868 gold pieces
 21351 | Orc:2    | Identified the +3 plate armour of the Garden {+Blink rF+} (You bought it in a shop on level 2 of the Orcish Mines)
 21391 | Orc:2    | Found Gesaipp's Book Emporium.
 21982 | D:11     | Gained mutation: You are robust (+10% HP). [potion of beneficial mutation]
 22654 | D:12     | Noticed Rupert
 22663 | D:12     | Killed Rupert
 22787 | D:12     | Noticed Azrael
 22792 | D:12     | Killed Azrael
 22883 | D:12     | Reached skill level 10 in Invocations
 23086 | D:12     | Reached XP level 16. HP: 94/94 MP: 32/32
 23746 | D:13     | Found a gate to the Vaults.
 24547 | D:15     | Entered Level 15 of the Dungeon
 24592 | D:15     | Got a twisted scale mail
 24593 | D:15     | Identified the cursed +0 scale mail "Qeolucak" {rElec} (You found it on level 15 of the Dungeon)
 24729 | D:15     | Noticed Josephine
 24732 | D:15     | Killed Josephine
 24851 | D:15     | Got a shimmering golden ring
 24852 | D:15     | Identified the ring "Moumop" {+Fly rC+ MR+ Str+4 Dex+3} (You found it on level 15 of the Dungeon)
 24887 | D:15     | Found an iron altar of Okawaru.
 25095 | D:15     | Reached skill level 13 in Unarmed Combat
 25196 | D:15     | Found a staircase to the Depths.
 25646 | Spider:1 | Entered Level 1 of the Spider Nest
 25704 | Spider:1 | HP: 2/96 [disintegration (39)]
 26269 | Spider:2 | Reached XP level 17. HP: 53/101 MP: 34/34
 26910 | Spider:3 | Noticed Arachne
 27008 | Spider:3 | Killed Arachne
 27195 | Spider:3 | Noticed Aizul
 27203 | Spider:3 | Killed Aizul
 27251 | Spider:3 | Noticed Nikola
 27261 | Spider:3 | Killed Nikola
 27486 | Spider:3 | Noticed Kirke
 27493 | Spider:3 | Killed Kirke
 27634 | Spider:4 | Entered Level 4 of the Spider Nest
 28126 | Spider:4 | Got a thick robe
 28127 | Spider:4 | Identified the +2 robe "Xiyst" {-Cast rElec rF+ Int+2} (You found it on level 4 of the Spider Nest)
 28268 | Spider:4 | Reached XP level 18. HP: 88/107 MP: 4/36
 28288 | Spider:4 | HP: 3/107 [wolf spider (9)]
 28409 | Spider:4 | Reached skill level 14 in Unarmed Combat
 28566 | Spider:4 | Got a brightly glowing long sword
 28567 | Spider:4 | Identified the cursed +1 long sword of Premature Burial {slice, Dex+3} (You found it on level 4 of the Spider Nest)
 28846 | Spider:4 | Got a gossamer rune of Zot
 29059 | Swamp:1  | Entered Level 1 of the Swamp
 29227 | Swamp:1  | Noticed a tentacled monstrosity
 29235 | Swamp:1  | Killed a tentacled monstrosity
 30526 | Swamp:3  | Gained mutation: Your movements are slightly less encumbered by armour (ER -2). [potion of beneficial mutation]
 31035 | Swamp:4  | Entered Level 4 of the Swamp
 31260 | Swamp:4  | Noticed Louise
 31282 | Swamp:4  | Killed Louise
 31282 | Swamp:4  | Reached XP level 19. HP: 45/113 MP: 23/37
 31438 | Swamp:4  | Noticed the 27-headed Lernaean hydra
 31449 | Swamp:4  | Noticed Mara
 31598 | Swamp:4  | Noticed FIQ's illusion
 31666 | Swamp:4  | Got a decaying rune of Zot
 31955 | Vaults:1 | Entered Level 1 of the Vaults
 32945 | Vaults:1 | Reached skill level 15 in Unarmed Combat
 33224 | Vaults:1 | Found Emygix's Armour Shoppe.
 33263 | Vaults:1 | Bought the +6 chain mail "Epnafoda" {rN+ MR++ Regen+ Str-2} for 798 gold pieces
 33605 | Vaults:2 | Learned a level 4 spell: Petrify
 33744 | Vaults:2 | Reached skill level 1 in Armour
 33812 | Vaults:2 | Reached XP level 20. HP: 114/119 MP: 39/39
 33899 | Vaults:2 | Noticed Donald
 33903 | Vaults:2 | Killed Donald
 33967 | Vaults:2 | Found a staircase to the Crypt.
 34026 | Vaults:2 | Noticed Somebody's ghost (adept MiBe)
 34030 | Vaults:2 | Killed Somebody's ghost
 34060 | Vaults:2 | Found an iron altar of Okawaru.
 34553 | Vaults:2 | Reached skill level 15 in Transmutations
 34871 | Vaults:3 | Noticed Xtahua
 34872 | Vaults:3 | Killed Xtahua
 35136 | Vaults:3 | Gained mutation: Your spells are harder to cast, but more powerful. [potion of beneficial mutation]
 35546 | Vaults:3 | Reached skill level 15 in Spellcasting
 36031 | Vaults:4 | Noticed Sojobo
 36045 | Vaults:4 | Killed Sojobo
 36116 | Vaults:4 | Reached XP level 21. HP: 108/126 MP: 41/41
 36269 | Vaults:4 | Noticed Frederick
 36277 | Vaults:4 | Noticed Wiglaf
 36278 | Vaults:4 | Killed Frederick
 36282 | Vaults:4 | Killed Wiglaf
 36890 | Vaults:4 | Identified Lutzuod's Disquisition on Augmentations
 36903 | Vaults:4 | Reached skill level 16 in Unarmed Combat
 36995 | Vaults:4 | Reached skill level 5 in Armour
 37061 | Vaults:4 | Gained mutation: You are surrounded by a mild repulsion field (EV +2). [potion of beneficial mutation]
 37410 | Elf:1    | Entered Level 1 of the Elven Halls
 38261 | Elf:2    | Reached XP level 22. HP: 117/133 MP: 42/42
 38645 | Elf:2    | Found a runed gate.
 38645 | Elf:2    | Found a runed gate.
 38646 | Elf:2    | Found a runed gate.
 38944 | Elf:3    | Entered Level 3 of the Elven Halls
 39034 | Elf:3    | Gained mutation: Your body sometimes deteriorates upon taking damage. [a neqoxec]
 39377 | Elf:3    | Identified the Guide on Stolen Souls (You found it on level 3 of the Elven Halls)
 39389 | Elf:3    | Reached skill level 15 in Fighting
 39429 | Elf:3    | Got an ichor-stained great sword {slice}
 39429 | Elf:3    | Got a shimmering tin amulet
 39430 | Elf:3    | Identified the +6 great sword "Ariejogo" {slice, rPois rF- MP+9 Stlth+} (You took it off a deep elf death mage on level 3 of the Elven Halls)
 39432 | Elf:3    | Identified the amulet of Xynaock {Faith rElec rPois Str+9 Int-3} (You took it off a deep elf death mage on level 3 of the Elven Halls)
 39468 | Elf:3    | Learned a level 6 spell: Statue Form
 39493 | Elf:3    | Reached skill level 1 in Earth Magic
 39508 | Elf:3    | Got a sparkling lead amulet
 39509 | Elf:3    | Identified the amulet "Zeretzup" {Faith rC++} (You took it off a deep elf annihilator on level 3 of the Elven Halls)
 39521 | Elf:3    | Got a pitted marble ring
 39522 | Elf:3    | Identified the ring "Plog" {+Fly rN+ Int+6} (You took it off a deep elf death mage on level 3 of the Elven Halls)
 39731 | Elf:3    | Got a crystal dagger {vamp}
 39732 | Elf:3    | Identified the cursed +2 dagger of Anosomam {vamp, +Blink} (You took it off a deep elf death mage on level 3 of the Elven Halls)
 39870 | Elf:3    | Got an uncursed twisted executioner's axe {chop}
 39871 | Elf:3    | Identified the +7 executioner's axe of the Boiling Point {chop, rElec Str+2} (You took it off a deep elf archer on level 3 of the Elven Halls)
 40197 | Elf:3    | Found a runed door.
 40199 | Elf:3    | Reached skill level 5 in Earth Magic
 40542 | Elf:3    | Got a faintly glowing jade ring
 40543 | Elf:3    | Identified the ring of Makhleb's Regard {rN+ MR+ MP+9 Slay+1} (You found it on level 3 of the Elven Halls)
 40965 | Vaults:5 | Entered Level 5 of the Vaults
 40971 | Vaults:5 | Reached XP level 23. HP: 138/138 MP: 30/43
 41439 | Depths:1 | Entered Level 1 of the Depths
 41461 | Depths:1 | Found a gateway to Hell.
 41494 | Depths:1 | Reached skill level 10 in Earth Magic
 41522 | Depths:1 | Found a corrupted altar of Lugonu.
 41523 | Depths:1 | Found a one-way gate to the infinite horrors of the Abyss.
 42040 | Depths:1 | Noticed a caustic shrike
 42044 | Depths:1 | Killed a caustic shrike
 42422 | Depths:2 | Found a gateway to a ziggurat.
 42750 | Depths:2 | Reached skill level 15 in Invocations
 43000 | Depths:2 | Lost mutation: Your mind is acute. (Int +2) [a neqoxec]
 43018 | Depths:2 | Noticed a juggernaut
 43023 | Depths:2 | Killed a juggernaut
 43023 | Depths:2 | Reached XP level 24. HP: 136/145 MP: 44/44
 43674 | Depths:3 | Got a pitted plate armour
 43675 | Depths:3 | Identified the cursed +0 plate armour of the Equinox {rElec} (You found it on level 3 of the Depths)
 43932 | Depths:3 | Found a one-way gate leading to the halls of Pandemonium.
 44414 | Depths:4 | Noticed Strylgvaidir's ghost (master GrEE)
 44439 | Depths:4 | Killed Strylgvaidir's ghost
 44439 | Depths:4 | Reached skill level 17 in Unarmed Combat
 44442 | Depths:4 | Noticed the Enchantress
 44817 | Depths:4 | Killed the Enchantress
 44820 | Depths:4 | Got a faerie dragon armour
 44821 | Depths:4 | Identified the +1 faerie dragon armour {rElec MR+} (You took it off the Enchantress on level 4 of the Depths)
 45195 | Depths:4 | Reached XP level 25. HP: 137/150 MP: 44/44
 45506 | Depths:4 | Noticed a juggernaut
 45515 | Depths:4 | Killed a juggernaut
 45962 | Depths:5 | Entered Level 5 of the Depths
 46271 | Depths:5 | Reached skill level 15 in Dodging
 46310 | Depths:5 | Noticed Saint Roka
 46317 | Depths:5 | Killed Saint Roka
 46329 | Depths:5 | Noticed a juggernaut
 46338 | Depths:5 | Killed a juggernaut
 46880 | Depths:5 | Found a gate to the Realm of Zot.
 47285 | Vaults:5 | Reached XP level 26. HP: 116/157 MP: 44/44
 47356 | Vaults:5 | Reached skill level 18 in Unarmed Combat
 47395 | Vaults:5 | Noticed an ancient lich
 47399 | Vaults:5 | Killed an ancient lich
 47503 | Vaults:5 | Got a twisted plate armour
 47504 | Vaults:5 | Identified the cursed +0 plate armour of Wonder {Int+4} (You found it on level 5 of the Vaults)
 47728 | Vaults:5 | Reached skill level 10 in Armour
 47898 | Vaults:5 | Got a silver rune of Zot
 47926 | Vaults:5 | Got a garnet-encrusted chain mail
 47927 | Vaults:5 | Identified the +8 chain mail of Listlessness {rF+ MP+9} (You took it off an orc warrior on level 5 of the Vaults)
 50252 | Zot:1    | Entered Level 1 of the Realm of Zot
 50269 | Zot:1    | Reached XP level 27. HP: 163/163 MP: 45/45
 50511 | Zot:5    | Entered Level 5 of the Realm of Zot
 50583 | Zot:5    | Noticed an orb of fire
 50583 | Zot:5    | Noticed an orb of fire
 50583 | Zot:5    | Noticed an orb of fire
 50585 | Zot:5    | Noticed an orb of fire
 50586 | Zot:5    | Gained mutation: Your body often deteriorates upon taking damage. [an orb of fire]
 50589 | Zot:5    | Noticed an orb of fire
 50591 | Zot:5    | Gained mutation: You are occasionally teleported next to monsters. [an orb of fire]
 50592 | Zot:5    | Noticed an orb of fire
 50593 | Zot:5    | Noticed an orb of fire
 50597 | Zot:5    | HP: 6/163 [Orb Guardian (20)]
 50597 | Zot:5    | Demolished by an Orb Guardian

Vault maps used:
D:1:      kilobyte_arrival_exit_the_forest
D:2:      first_bread, hangedman_decor_growths
D:3:      nicolae_overflow_hidden_temple, uniq_terence, uniq_jessica,
          uniq_grinder
D:4:      kennysheep_cross_bottleneck, roderic_lattice_a
D:6:      nicolae_overflow_crystal_walls
D:7:      old_standard_altar, lightli_temple_of_fire, temple_hall, st_stairs_5,
          grunt_livestock
D:8:      overflow_temple_1_default, erik_lair_orcish_takeover
D:9:      trog_ov_bears_minmay, lemuel_crystal_altar, orc_0_dummy,
          yredelemnul_altar_generic
D:10:     basic_altar, uniq_maurice
D:12:     uniq_azrael, uniq_rupert
D:13:     grunt_vaults_entry_fortified
D:14:     kennysheep_big_empty_room
D:15:     gammafunk_enter_depths_forms, serial_park_tiny_1, basic_altar,
          uniq_josephine
Temple:   zaba_magenta_temple_12
Lair:1:   nicolae_quartered_pool_little, grunt_forest_small_clearing_treed,
          serial_bayou_shore_b, infiniplex_staircase_pool_2, grunt_megastairs_1,
          uniq_joseph
Lair:2:   minmay_lair_oklob_chamber, grunt_forest_stairs_basic
Lair:3:   minmay_swamp_entry_swarm, nicolae_spider_entry_non_spiders,
          lab_entry_generic, beast_lair_carwin_1, lemuel_fruit_tree,
          grunt_megastairs_5, bh_autumn_forest_stairs
Lair:4:   serial_bayou_shore_b
Lair:5:   portal_ice_cave_entry_ice_beasts, st_stairs_12, serial_bayou_crossing
Lair:6:   serial_bayou_pond_a
Lair:7:   minmay_slime_entry_pillars
Lair:8:   guppyfry_lair_end_dragon, hangedman_lair_caniforms_friends
Swamp:1:  evilmike_swamp_ruin_rubble_1, swamp_pool5
Swamp:2:  evilmike_swamp_ruin_rubble_2
Swamp:3:  nicolae_swamp_triple_paths
Swamp:4:  grunt_swamp_rune_castle, swamp_pool4, nicolae_swamp_treefoil,
          uniq_mara, uniq_louise
Spider:1: spider_trap
Spider:3: spider_trap, uniq_aizul, uniq_arachne, uniq_nikola, uniq_kirke
Spider:4: grunt_spider_rune_parallel, hangedman_stitches_earthworm
Orc:1:    basic_altar, serial_shops, shop, nicolae_shop_waterfront,
          nicolae_shop_competitors_out_of_business, shop, mines2_lemuel,
          uniq_snorg
Orc:2:    kennysheep_orc_mage_school
Elf:1:    minivault_28, hangedman_elf_disciples
Elf:3:    grunt_elf_hall_spiral, amethyst_killhole, minivault_13
Vaults:1: st_cross, v_misc_24, v_rooms_2, vaults_mumra_hexcomb,
          vaults_mumra_chevron, serial_ice_m, v_alt_pattern_6, v_alt_pattern_2,
          hangedman_vaults_nodes, vaults_room_grunt_arrival_ludios,
          vaults_mumra_lcd, vaults_room_fancy_cross,
          nicolae_vaults_shelves_hall, vaults_room_semicircle, serial_shops,
          shop
Vaults:2: vaults_room_fours, minmay_crypt_entry_nasty_monster,
          nicolae_vaults_puzzle_piece, nicolae_vaults_three_branches,
          vaults_room_pool, vaults_room_boxed, nicolae_vaults_asterisk,
          vaults_standard_mumra_x, ontoclasm_vaults_hangar,
          vaults_dpeg_encased_lava, vaults_dpeg_ring, basic_altar, uniq_donald
Vaults:3: nicolae_vaults_twisting_passages, nicolae_vaults_disjoint_gnomons,
          vaults_standard_mumra_enter_the_diamond,
          ontoclasm_vaults_claustrophobia, grunt_vaults_twisty,
          nicolae_vaults_hallways_thing, grunt_vaults_focal,
          hangedman_vaults_pinch, ontoclasm_vaults_pinch,
          hangedman_vaults_stagger, kb_rosetta, nicolae_vaults_little_squares_3,
          vaults_room_semicircle, uniq_xtahua
Vaults:4: ontoclasm_vaults_gallery, ontoclasm_vaults_ring_small, v_misc_13,
          nicolae_vaults_rhombus_5, v_misc_13, nicolae_vaults_rhombus_5,
          hangedman_vaults_slice, vaults_dpeg_hooks, hangedman_vaults_stitches,
          grunt_vaults_diagonal, nicolae_vaults_circle_grid_b,
          vaults_dpeg_cross, vaults_mumra_hex, vaults_room_stairs_pillars,
          uniq_sojobo, uniq_frederick, uniq_wiglaf
Depths:1: evilmike_diamond_1, abyss_entry_flame_altar, hangedman_coc_ice_floe,
          minmay_misc_feat_room, aerie_lemuel
Depths:2: evilmike_horseshoe, enter_ziggurat_e, hell_entry,
          nicolae_abyss_entry_one_way_or_another, minmay_misc_feat_doors,
          fountainhead, fake_guardian_serpent_vault,
          infiniplex_staircase_door_maze
Depths:3: cross_vault, hell_entry, grunt_pan_entry_sceptre, serial_corexii_hall,
          corexii_hall_statues_x, corexii_hall_statues_i,
          kennysheep_generic_room_11, minmay_staircase_statues_hall_small
Depths:4: minmay_connected_boxes_in_corner, serial_bayou_pond_d, abyss_entry,
          hell_entry, infiniplex_staircase_pillars_1, serial_bayou_shore_a,
          uniq_enchantress
Depths:5: grunt_zot_entry_pinwheel, hangedman_abyss_or_decor_passed, hell_entry,
          uniq_saint_roka
Zot:1:    grunt_megastairs_4
Zot:3:    zot_minivault_2
Zot:4:    nicolae_zot_crop_circle
IceCv:    ice_cave_tombish

Action                   |  1- 3 |  4- 6 |  7- 9 | 10-12 | 13-15 | 16-18 | 19-21 | 22-24 | 25-27 || total
-------------------------+-------+-------+-------+-------+-------+-------+-------+-------+-------++-------
Melee: Unarmed           |   113 |   217 |   420 |   716 |   886 |   838 |   990 |   827 |   633 ||  5640
 Cast: Beastly Appendage |    16 |    28 |     9 |       |       |       |       |       |       ||    53
       Spider Form       |       |       |    49 |    63 |       |       |       |       |       ||   112
       Ice Form          |       |       |       |     2 |     8 |     4 |     3 |       |       ||    17
       Blade Hands       |       |       |       |    18 |    96 |    84 |    75 |    72 |    57 ||   402
       Hydra Form        |       |       |       |       |       |     3 |     2 |     1 |       ||     6
       Statue Form       |       |       |       |       |       |       |       |     2 |       ||     2
Invok: Slouch            |       |       |       |       |       |    15 |       |       |       ||    15
       Temporal Distorti |       |       |       |       |       |     5 |       |     2 |       ||     7
       Step From Time    |       |       |       |       |       |     1 |     1 |     4 |     1 ||     7
Evoke: Wand              |       |       |       |       |       |       |       |       |     2 ||     2
  Use: Potion            |       |     4 |     7 |     6 |     4 |     7 |     2 |       |     2 ||    32
       Scroll            |       |       |     7 |     5 |    12 |    11 |     4 |    12 |    16 ||    67
 Stab: Sleeping          |       |     5 |     2 |     7 |     2 |     3 |     1 |       |       ||    20
       Distracted        |       |       |     1 |     2 |     1 |     2 |       |     1 |       ||     7
       Invisible         |       |       |       |     5 |       |       |       |       |       ||     5
  Eat: Chunk             |       |     6 |    18 |    13 |    23 |     6 |    11 |     9 |     6 ||    92
       Meat ration       |       |       |     1 |       |       |     2 |       |       |     1 ||     4
       Beef jerky        |       |       |       |     2 |       |       |       |       |     1 ||     3
       Fruit             |       |       |       |       |     1 |       |       |     1 |     3 ||     5
       Pizza             |       |       |       |       |       |       |       |       |     1 ||     1
